 Dungeon Crawl Stone Soup version 0.23.2 (webtiles) character file.

Game seed: 5754863681415620841

23 Revguard the Charmwright (level 2, 0/25 HPs)
             Began as a Draconian Skald on Apr 1, 2019.
             Slain by a gnoll
             ... wielding a +0 club
              (6 damage)
             ... on level 1 of the Dungeon.
             The game lasted 00:03:27 (540 turns).

Revguard the Charmwright (Draconian Skald)           Turns: 540, Time: 00:03:27

Health: 0/25       AC:  4    Str: 13    XL:     2   Next: 72%
Magic:  2/5        EV: 12    Int: 13    God:
Gold:   60         SH:  0    Dex: 10    Spells: 2/5 levels left

rFire    . . .     SeeInvis .   a - +0 falchion
rCold    . . .     Gourm    .   (no shield)
rNeg     . . .     Faith    .   (armour unavailable)
rPois    .         Spirit   .   (helmet restricted)
rElec    .         Reflect  .   (no cloak)
rCorr    .         Harm     .   (no gloves)
MR       .....                  (no boots)
Stlth    +.........             (no amulet)
HPRegen  0.08/turn              (no ring)
MPRegen  0.09/turn              (no ring)

@: infused
A: unfitting armour, cold-blooded, AC +4
a: no special abilities


You were on level 1 of the Dungeon.
You were not hungry.

You visited 1 branch of the dungeon, and saw 1 of its levels.

You collected 60 gold pieces.

Inventory:

Hand Weapons
 a - a +0 falchion (weapon)
Scrolls
 b - 2 scrolls of amnesia
 d - a scroll of identify {unknown}
 e - a scroll of noise {unknown}
Comestibles
 c - 2 rations


   Skills:
 + Level 2.3 Fighting
 + Level 2.2 Long Blades
 + Level 2.4 Dodging
 + Level 2.2 Spellcasting
 + Level 3.0 Charms


You had 2 spell levels left.
You knew the following spells:

 Your Spells              Type           Power        Failure   Level  Hunger
a - Infusion              Chrm           #...         7%          1    ##.....
b - Song of Slaying       Chrm           #.......     11%         2    ###....

Your spell library contained the following spells:

 Spells                   Type           Power        Failure   Level  Hunger
 Shroud of Golubria       Chrm/Tloc      #.........   21%         2    ###....
 Regeneration             Chrm/Necr      #.........   36%         3    ####...
 Spectral Weapon          Hex/Chrm       #.......     36%         3    ####...


Dungeon Overview and Level Annotations

Branches:
Dungeon (1/15)

Altars:


Innate Abilities, Weirdness & Mutations

Your plain brown scales are hard. (AC +4)
You cannot fit into any form of body armour.
You are cold-blooded and may be slowed by cold attacks.


Message History

The rat twitches its whiskers.
The gnoll misses you.
You aren't carrying any potions.
Your magical infusion is running out.
Things that are here:
a cursed -3 dagger; a hobgoblin corpse; a giant cockroach corpse You are no longer magically infusing your attacks.
There is a stone staircase leading down here.
You see here a frilled lizard corpse.
Casting: Infusion (safe; 7% risk of failure)
Confirm with . or Enter, or press ? or * to list all spells.
You begin infusing your attacks with magical energy.
You hit the gnoll.
The gnoll is moderately wounded.
The gnoll hits you but does no damage.
You hit the gnoll.
You tail-slap the gnoll, but do no damage.
The gnoll is severely wounded.
The gnoll hits you with a +0 club.
You die...

### ### #.. ..# #### #.# #.#
#... #.# #.# #.## ##.##
##.#########.# ##...##
#.........##.# ..###.....###
#†.######.##)##
.......(....####..######.##>..
..###.....#..@gr.....†........
##...#######..#.####.##.#.
##.## #....# #.##.#. #####(#
#...## #.##.#.
#...#(########...# #.##.#.
##.###................#
#.##.#.
.........###.##########
#.##.#. .#.####.## #[# #.#....
#†# #.# [.....


You could see a gnoll and a rat.

Vanquished Creatures
  3 giant cockroaches (D:1)
  4 goblins (D:1)
  3 hobgoblins (D:1)
  5 kobolds (D:1)
  2 frilled lizards (D:1)
  4 rats (D:1)
21 creatures vanquished.

Notes
Turn   | Place    | Note
-------+----------+-------------------------------------------
     0 | D:1      | Revguard the Draconian Skald began the quest for the Orb.
     0 | D:1      | Reached XP level 1. HP: 17/17 MP: 3/3
   221 | D:1      | Reached XP level 2. HP: 20/24 MP: 0/5
   233 | D:1      | Learned a level 2 spell: Song of Slaying
   348 | D:1      | Reached skill level 3 in Charms
   485 | D:1      | HP: 1/25 [gnoll/+0 club (7)]
   540 | D:1      | Slain by a gnoll

Skill      XL: |  1  2 |
---------------+-------+-----
Charms         | 3 |  3.0
Fighting       | |  2.3
Long Blades    | |  2.2
Dodging        | |  2.4
Spellcasting   | |  2.2

Action                   || total
-------------------------++-------
Melee: Falchion          ||    57
       Tailslap          ||     5
 Cast: Infusion          ||     5
       Song of Slaying   ||     1
  Use: Scroll            ||     2
Armor: Skin              ||    11
Dodge: Dodged            ||    39
       Rpst.: Falchion   ||    16
